Map: Moondance

Players

LiquidClem (Clem)

  • Race: Terran Terran
  • League: Master
  • Spawn Location: 6:00

LiquidMaNa (MaNa) - Winner!

  • Race: Protoss Protoss
  • League: Grandmaster
  • Spawn Location: 12:00

VOD

Have the link to the VOD?

Description

Time

  • Played on: Oct. 19, 2022, 1:15 p.m.
  • Length: 10:37
Show
View Real Time Build Order
Export as new Build Order

LiquidClem Terran 

Build Orders: Reaper Expand 

Get SALT Encoding   

  12  0:00  SCV  
  13  0:12  SCV  
  14  0:16  Supply Depot  
  14  0:24  SCV  
  15  0:38  SCV, Barracks  
  15  0:42  Refinery  
  16  0:50  SCV  
  17  1:02  SCV  
  18  1:14  SCV  
  19  1:25  Reaper  
  19  1:26  Orbital Command  
  20  1:40  Command Center  
  20  1:47  Supply Depot  
  20  1:52  SCV  
  21  1:58  Marine  
  22  2:04  SCV  
  22  2:08  Factory  
  23  2:17  SCV  
  23  2:19  Bunker  
  23  2:20  Barracks Reactor  
  24  2:28  Barracks  
  24  2:32  SCV  
  25  2:38  Refinery  
  26  2:44  SCV  
  26  2:52  Factory Tech Lab  
  26  2:53  Orbital Command  
  26  2:56  SCV  
  26  2:57  Marine  
  28  2:58  Marine  
  29  3:08  SCV  
  29  3:10  Cyclone  
  33  3:16  Barracks Tech Lab  
  33  3:17  Marine  
  33  3:18  Marine  
  35  3:20  SCV  
  35  3:22  SCV  
  37  3:27  Supply Depot  
  37  3:32  SCV  
  37  3:34  SCV, Stimpack  
  39  3:35  Marine  
  39  3:39  Marine  
  39  3:40  Marine  
  42  3:45  SCV  
  42  3:46  SCV  
  44  3:50  Supply Depot  
  44  3:54  Siege Tank, Marine  
  47  3:57  Marine  
  47  3:58  Marine  
  47  4:00  SCV  
  47  4:01  SCV  
  51  4:07  Engineering Bay  
  51  4:12  Supply Depot, SCV  
  51  4:13  SCV  
  51  4:16  Marine x2  
  51  4:17  Marine  
  55  4:22  Barracks  
  56  4:26  SCV x2  
  56  4:30  Siege Tank  
  61  4:34  Refinery  
  61  4:35  Terran Infantry Weapons Level 1  
  61  4:38  Supply Depot  
  61  4:42  SCV x2  
  61  4:44  Marine  
  61  4:45  Marine x2  
  65  4:51  Starport  
  66  4:56  SCV x2  
  66  4:58  Supply Depot  
  68  5:02  Marine  
  68  5:05  Supply Depot, Marine  
  70  5:09  SCV  
  70  5:11  Barracks Reactor  
  70  5:12  Marine  
  70  5:13  SCV  
  66  5:16  Siege Tank  
  64  5:23  Supply Depot  
  64  5:27  Marine x2  
  61  5:31  Marine  
  61  5:32  SCV  
  55  5:36  SCV  
  49  5:44  SCV  
  50  5:54  Marine x2  
  50  5:56  SCV x2  
  54  5:59  Marine  
  54  6:01  Combat Shield  
  55  6:05  Marauder  
  55  6:08  SCV, Refinery  
  55  6:10  SCV  
  59  6:12  Marine x2  
  61  6:20  SCV  
  61  6:22  Factory Tech Lab, Starport Reactor  
  61  6:24  SCV  
  63  6:28  Marauder x2  
  63  6:29  Concussive Shells  
  63  6:30  Marine x2  
  63  6:32  SCV  
  70  6:37  SCV  
  71  6:44  Barracks x2, Siege Tank  
  71  6:46  SCV  
  75  6:48  Marine x2  
  75  6:49  SCV  
  75  6:50  Marauder  
  75  6:54  Marauder  
  82  6:56  Terran Infantry Armor Level 1  
  82  7:01  SCV x2  
  83  7:07  Medivac  
  84  7:09  Supply Depot, Marine  
  84  7:10  Marine  
  84  7:13  SCV x2  
  84  7:14  Medivac  
  90  7:18  Marauder  
  90  7:21  Marauder  
  94  7:26  SCV x2  
  96  7:30  Missile Turret  
  96  7:32  Missile Turret  
  96  7:35  Siege Tank  
  96  7:36  Marine  
  100  7:38  Marine  
  100  7:40  Barracks Tech Lab  
  100  7:41  Barracks Reactor  
  101  7:45  Marauder  
  101  7:49  Marauder  
  105  7:52  Supply Depot  
  105  7:57  Marine x2  
  107  8:01  Marauder  
  109  8:09  Supply Depot  
  109  8:13  Medivac x2  
  109  8:14  Supply Depot, Marauder x2  
  116  8:21  Marine x2  
  118  8:30  Marine x2  
  118  8:31  Marauder  
  118  8:32  Siege Tank  
  124  8:35  Marauder  
  124  8:36  Supply Depot, Marauder  
  124  8:40  Marine x2  
  130  8:46  Liberator  
  133  8:49  Supply Depot  
  133  8:50  Marine  
  133  8:54  Marine  
  133  8:55  Marauder  
  133  8:58  Marauder  
  133  8:59  Marine x2  
  133  9:00  Marine  
  112  9:07  Siege Tank, Marine  
  114  9:12  Marine  
  114  9:15  Viking  
  114  9:16  Marauder  
  117  9:19  Marauder  
  117  9:20  Marine x2  
  122  9:24  Marauder  
  122  9:29  Marine x2  
  117  9:37  Marauder  
  100  9:38  Marine x2  
  100  9:39  Marine  
  100  9:41  Siege Tank  
  100  9:53  Viking x2  
  100  9:54  Marauder  
  100  9:58  Marauder  
  108  10:01  Marine x2  
  108  10:03  Marine  
  108  10:06  Marine x2  
  74  10:15  Marauder  
Show
View Real Time Build Order
Export as new Build Order

LiquidMaNa Protoss - Winner!

Build Orders: 1 Gate Expand, Oracle Opening 

Get SALT Encoding   

  12  0:00  Probe  
  13  0:12  Probe  
  14  0:17  Pylon  
  14  0:24  Probe (Chrono Boost)  
  15  0:35  Gateway  
  15  0:36  Probe (Chrono Boost)  
  16  0:44  Probe (Chrono Boost)  
  16  0:45  Assimilator  
  17  0:51  Probe  
  18  1:03  Probe  
  19  1:15  Probe  
  20  1:23  Cybernetics Core  
  20  1:27  Probe  
  21  1:38  Nexus  
  21  1:47  Pylon  
  21  1:48  Probe  
  22  1:55  Assimilator  
  22  2:00  Probe  
  23  2:02  Adept (Chrono Boost)  
  25  2:12  Probe  
  26  2:18  Stargate  
  26  2:25  Probe  
  26  2:32  Adept (Chrono Boost)  
  29  2:37  Probe  
  29  2:49  Probe  
  30  2:53  Probe  
  30  2:54  Adept  
  33  3:00  Oracle (Chrono Boost)  
  33  3:01  Probe  
  37  3:06  Probe  
  38  3:13  Probe  
  38  3:15  Warp Gate  
  38  3:18  Probe  
  40  3:24  Pylon  
  40  3:25  Probe  
  41  3:30  Probe  
  42  3:35  Oracle  
  42  3:40  Gateway  
  42  3:41  Probe (Chrono Boost)  
  46  3:42  Probe (Chrono Boost)  
  47  3:53  Probe x2 (Chrono Boost)  
  49  4:00  Probe  
  49  4:01  Probe  
  51  4:03  Nexus  
  51  4:07  Robotics Facility  
  51  4:10  Assimilator  
  51  4:14  Assimilator  
  51  4:17  Shield Battery  
  51  4:18  Probe  
  51  4:19  Probe  
  53  4:26  Pylon  
  53  4:36  Probe  
  54  4:42  Pylon  
  54  4:43  Pylon  
  54  4:44  Phoenix, Probe  
  57  4:50  Probe  
  57  4:51  Shield Battery  
  58  4:56  Probe  
  58  4:59  Immortal (Chrono Boost)  
  63  5:08  Probe  
  63  5:13  Phoenix  
  66  5:15  Zealot, Stalker  
  70  5:31  Immortal  
  74  5:36  Probe  
  74  5:38  Zealot x2  
  74  5:39  Probe  
  74  5:43  Robotics Bay  
  74  5:44  Probe  
  74  5:48  Probe  
  76  5:51  Probe  
  76  5:52  Twilight Council  
  76  5:56  Probe  
  78  5:58  Sentry  
  78  5:59  Sentry  
  78  6:00  Phoenix  
  78  6:03  Probe x2  
  86  6:08  Pylon  
  86  6:10  Pylon  
  86  6:13  Observer (Chrono Boost)  
  86  6:14  Shield Battery  
  86  6:16  Probe  
  88  6:20  Shield Battery  
  88  6:23  Pylon  
  88  6:28  Phoenix  
  88  6:30  Colossus (Chrono Boost)  
  91  6:32  Probe  
  99  6:41  Charge  
  99  6:42  Assimilator  
  99  6:46  Forge, Gateway x2  
  97  6:54  Probe x2  
  97  6:57  Extended Thermal Lance  
  99  7:14  Colossus (Chrono Boost)  
  105  7:16  Gateway x2  
  105  7:17  Protoss Ground Weapons Level 1 (Chrono Boost), Gateway  
  105  7:22  Probe x2  
  107  7:26  Pylon  
  107  7:27  Zealot x2  
  111  7:30  Observer  
  111  7:41  Zealot  
  111  7:42  Stalker  
  111  7:43  Observer  
  115  7:48  Zealot x2, Pylon  
  115  7:49  Pylon  
  119  7:57  Colossus (Chrono Boost)  
  124  8:09  Templar Archives  
  124  8:11  Nexus  
  124  8:15  Zealot x4  
  132  8:21  Zealot  
  132  8:25  Zealot x2  
  135  8:38  Pylon x2  
  135  8:40  Pylon  
  133  8:43  Probe  
  133  8:53  Warp Prism  
  133  8:55  Probe  
  132  8:59  Zealot  
  132  9:00  Zealot x6  
  132  9:01  Probe  
  123  9:20  Nexus, High Templar x7  
  123  9:24  Archon x3  
  137  9:28  Pylon  
  125  9:53  Stalker x5  
  125  9:54  Stalker x2  
  125  9:55  Probe  
  125  9:56  Probe  
Tags
 
Add a new tag
Caveats
  • Supply blocks, unpowered buildings, or Contaminate may cause inaccurate times.
  • Supply counts are checked every 10 seconds.